 Dungeon Crawl Stone Soup version 0.24-a0-549-g45f0056d81 (webtiles) character file.

Game seed: 12676774105336654648

0 Jannitor the Ducker (level 1, -2/11 HPs)
             Began as a Spriggan Abyssal Knight on Aug 19, 2019.
             Was a Follower of Lugonu.
             Slain by a wizard
             ... wielding a +0 dagger
              (3 damage)
             ... on level 2 of the Abyss.
             The game lasted 00:00:40 (106 turns).

Jannitor the Ducker (Spriggan Abyssal Knight)        Turns: 106, Time: 00:00:41

Health: -2/11      AC:  2    Str: 18    XL:     1   Next: 0%
Magic:  3/3        EV: 18    Int: 17    God:    Lugonu [*.....]
Gold:   95         SH:  0    Dex: 15    Spells: 0/0 levels left

rFire    . . .     SeeInvis +   e - +6 war axe of Theory {speed, rElec Str+5 Int+4}
rCold    . . .     Gourm    .   (shield restricted)
rNeg     . . .     Faith    .   b - +0 robe
rPois    .         Spirit   .   (helmet restricted)
rElec    +         Reflect  .   (no cloak)
rCorr    .         Harm     .   (gloves unavailable)
MR       .....                  (boots unavailable)
Stlth    +.........             (no amulet)
HPRegen  0.03/turn              (no ring)
MPRegen  0.08/turn              (no ring)

@: mighty, very quick
A: very small, unfitting armour, see invisible, herbivore, speed 3, slow
metabolism 2
a: Depart the Abyss, Renounce Religion


You were on level 2 of the Abyss.
You worshipped Lugonu.
Lugonu was aware of your devotion.
You were not hungry.

You visited 0 branches of the dungeon, and saw 0 of its levels.
You visited the Abyss 1 time.

You collected 95 gold pieces.

Inventory:

Hand Weapons
 a - a +1 short sword
 e - the +6 war axe of Theory (weapon) {speed, rElec Str+5 Int+4}
   (You found it on level 2 of the Abyss)

   Attacks with this weapon are significantly faster.
   It affects your strength (+5).
   It affects your intelligence (+4).
   It insulates you from electricity.
Missiles
 d - 18 stones (quivered)
Armour
 b - a +0 robe (worn)
Comestibles
 c - a ration


   Skills:
 + Level 2.4 Fighting
 + Level 2.1 Short Blades
 + Level 3.5 Dodging
 + Level 1.7 Invocations


You couldn't memorise any spells.
You didn't know any spells.
Your spell library was empty.

Dungeon Overview and Level Annotations

Branches:
Dungeon (0/15)

Altars:


Innate Abilities, Weirdness & Mutations

You are very small and have problems with some larger weapons.
You are too small for most types of armour.
You have supernaturally acute eyesight. (SInv)
You are a herbivore.
You cover ground extremely quickly.
You need to consume almost no food.


Message History

Your hands tingle!
e - the +6 war axe of Theory (weapon)
{speed, rElec Str+5 Int+4} You now have 95 gold pieces (gained 20).
Found a scroll labeled RIEXKO REESKUNK.
Found a grey potion and a helmet.
A wizard comes into view. It is wielding a +0 dagger.
The wizard shouts!
You see here a grey potion.
f - a grey potion You barely miss the wizard.
The wizard barely misses you.
You barely miss the wizard. The wizard hits you with a +0 dagger.
* * * LOW HITPOINT WARNING * * *
It was a potion of might.
You feel very mighty all of a sudden. The wizard hits you with a +0 dagger.
* * * LOW HITPOINT WARNING * * *
You slash the wizard!
The wizard is moderately wounded.
The wizard hits you with a +0 dagger.
You die...

.###.# ##.#
...... ..... ..
..... ....#
...##...###.[.##
...#...?.#.....#
................
#.............
#.............
##...@p#.....#
##...###...## .
..#.....#.....#..
#.........
........ ..
##......... ....
. ...
.........).......
......
#.##.....#.....#.
...#.. #.
##..##..##..#
..## .# ##..##..#
..# . ..#


You could see a wizard.

Vanquished Creatures (others)
  4 starspawn tentacles (Abyss:1)
4 creatures vanquished.

Notes
Turn   | Place    | Note
-------+----------+-------------------------------------------
     0 | Abyss:1  | Jannitor the Spriggan Abyssal Knight began the quest for
                  | the Orb.
     0 | Abyss:1  | Reached XP level 1. HP: 11/11 MP: 3/3
    16 | Abyss:1  | Noticed a tentacled starspawn
    42 | Abyss:1  | Noticed a chaos spawn
    50 | Abyss:2  | Found a corrupted altar of Lugonu.
    85 | Abyss:2  | Got a warped war axe
    86 | Abyss:2  | Identified the +6 war axe of Theory {speed, rElec Str+5
                  | Int+4} (You found it on level 2 of the Abyss)
    98 | Abyss:2  | Noticed a wizard
   106 | Abyss:2  | Slain by a wizard

Levels and vault maps discovered:
Abyss:2:  abyss_furniture_001, minivault_25

Action                   || total
-------------------------++-------
Melee: War axe           ||     3
       Short sword       ||     1
  Use: Potion            ||     1
Dodge: Dodged            ||     7

Table legend:
 A = Non-vault XP
 B = Vault XP
 C = Vault XP percentage of total XP
 D = Non-vault monster count
 E = Vault monster count
 F = Vault count percentage of total count
                 A         B        C        D         E       F
            +---------+---------+-------+---------+---------+-------
      Total |       0 |       0 |   N/A |       0 |       0 |  -nan
            +---------+---------+-------+---------+---------+-------
            +---------+---------+-------+---------+---------+-------
